 Dungeon Crawl Stone Soup version 0.17-a0-1197-g2d00c63 (webtiles) character file.

3629 onwiheg the Basher (level 10, 0/70 HPs)
             Began as a Formicid Fighter on June 2, 2015.
             Was a High Priest of Okawaru.
             Splashed by a brown ugly thing's acid (9 damage)
             ... on level 7 of the Dungeon.
             The game lasted 00:28:16 (5500 turns).

onwiheg the Basher (Formicid Fighter)               Turns: 5500, Time: 00:28:16

Health: 0/70       AC:  0    Str: 24    XL:     10   Next: 33%
Magic:  10/10      EV:  8    Int:  8    God:    Okawaru [*****.]
Gold:   284        SH:  9    Dex: 10    Spells: 0 memorised, 9 levels left

rFire  . . .     SeeInvis +     h - +2 whip (drain)
rCold  . . .     Clarity  .     b - +0 scale mail
rNeg   + . .     SustAt   .     c - +0 shield
rPois  .         Gourm    .     (helmet unavailable)
rElec  .         Spirit   .     M - +1 cloak
rCorr  .         Warding  +     x - +0 pair of gloves
rMut   .         Stasis   +     (no boots)
MR     +....                    j - amulet of warding
Stlth  ..........               (no ring)
                                (no ring)

@: corroded equipment, invisible, somewhat resistant to hostile enchantments,
extremely unstealthy
A: permanent stasis, dig shafts and tunnels, four strong arms, antennae 3
a: Dig, Shaft Self, Heroism, Renounce Religion


You were on level 7 of the Dungeon.
You worshipped Okawaru.
Okawaru was extremely pleased with you.
You were hungry.

You visited 1 branch of the dungeon, and saw 8 of its levels.

You collected 368 gold pieces.
You spent 84 gold pieces at shops.

Inventory:

Hand weapons
 a - a +0 flail
 h - a +2 whip of draining (weapon)
 E - a +0 whip of freezing
Armour
 b - a +0 scale mail (worn)
 c - a +0 shield (worn)
 p - a cursed +0 ring mail
 x - a +0 pair of gloves (worn)
 C - a cursed +0 leather armour
 M - a +1 cloak (worn)
Jewellery
 j - an amulet of warding (around neck)
Magical devices
 d - a wand of confusion (24)
 r - a wand of enslavement (14)
 B - a wand of paralysis (5)
 J - a wand of confusion (23)
 K - a wand of draining (6)
Scrolls
 i - 2 scrolls of magic mapping {unknown}
 l - 4 scrolls of fog {unknown}
 m - 11 scrolls of identify
 t - 3 scrolls of remove curse
 u - a scroll of fear {unknown}
 y - a scroll of amnesia {unknown}
 z - a scroll of recharging {unknown}
 G - a scroll of holy word {unknown}
 I - a scroll of teleportation {unknown}
 O - a scroll of silence {unknown}
 Q - a scroll of random uselessness {unknown}
Potions
 f - a potion of brilliance
 o - 2 potions of curing
 q - a potion of poison {unknown}
 v - 2 potions of haste {unknown}
 w - 2 potions of agility {unknown}
 A - 3 potions of heal wounds
 F - 2 potions of ambrosia {unknown}
 H - a potion of lignification {unknown}
 L - a potion of mutation {unknown}
 N - a potion of degeneration {unknown}
Comestibles
 e - 8 bread rations
 g - 5 beef jerkies
 k - 4 meat rations
 s - 9 fruits
 D - a royal jelly


   Skills:
 - Level 3.2 Fighting
 + Level 13.7 Maces & Flails
 - Level 3.2 Armour
 - Level 3.6 Shields


You had 9 spell levels left.
You didn't know any spells.

Dungeon Overview and Level Annotations

Branches:
Dungeon (8/15)             Temple (0/1) D:6
   Lair: D:8-11

Altars:
Ashenzari
Elyvilon
Kikubaaqudgha
Nemelex Xobeh
Okawaru
Qazlal
Trog
Vehumet
The Shining One

Shops:
D:6 *(}


Innate Abilities, Weirdness & Mutations

You are under a permanent stasis effect.
You can dig through walls and to a lower floor.
Your four strong arms can wield two-handed weapons with a shield.
You have a pair of large antennae on your head (SInv).


Message History

You closely miss the brown ugly thing.
The brown ugly thing is heavily wounded.
The brown ugly thing pecks you!
* * * LOW HITPOINT WARNING * * *
You are splashed with acid!
The acid corrodes you!
The acid burns!
* * * LOW HITPOINT WARNING * * *
Drink which item? (? for menu, Esc to quit)
Okay, then.
Press: ? - help, v - describe, . - travel
Here: a brown ugly thing (heavily wounded, lightly drained)
The floor, spattered with blood.
Drink which item? (? for menu, Esc to quit)
You feel much better.
You block the brown ugly thing's attack.
Drink which item? (? for menu, Esc to quit)
You fade into invisibility!
The brown ugly thing pecks you!
* * * LOW HITPOINT WARNING * * *
You are splashed with acid!
The acid burns!
You die...

# ### ###
#########8###8###
.......8...8...8###
..##.##.........####
..##.#_........u@#.#
..#####.........##.#
..# ###8...8...8##.#
..# ###8###8####.#
..# #### ### ##.#
..######.# #..#
####....<# ##.## #
#.##### #..# ####.##
##.##


You could see a brown ugly thing.

Vanquished Creatures
  Pikel (D:5)
  Joseph (D:7)
  Prince Ribbit (D:7)
  A slime creature (D:8)
  A hungry ghost (D:7)
  4 slaves (D:5)
  Duvessa (D:6)
  A sky beast (D:5)
  A black bear (D:6)
  A phantom (D:6)
  A centaur (D:5)
  6 ogres
  Dowan (D:6)
  2 giant frogs
  3 scorpions
  A quasit (D:7)
  2 crimson imps
  A giant frog zombie (D:5)
  A jelly (D:5)
  3 orc wizards
  7 hounds
  A centaur skeleton (D:7)
  3 orc priests
  2 gnoll shamans
  2 worker ants
  An iguana (D:5)
  14 gnolls
  14 adders
  A shadow imp (D:6)
  2 adder skeletons
  5 worms
  3 giant geckos
  13 orcs
  2 ball pythons
  A bat zombie (D:8)
  8 giant cockroaches
  9 goblins
  16 hobgoblins
  5 jackals
  2 quokkas
  6 bats
  2 giant newts (D:4)
  8 kobolds
  A quokka skeleton (D:5)
  12 rats
174 creatures vanquished.

Vanquished Creatures (others)
  An adder (D:5)
1 creature vanquished.

Grand Total: 175 creatures vanquished

Notes
Turn   | Place    | Note
--------------------------------------------------------------
     0 | D:1      | onwiheg the Formicid Fighter began the quest for the Orb.
     0 | D:1      | Reached XP level 1. HP: 18/18 MP: 1/1
   141 | D:1      | Reached XP level 2. HP: 21/24 MP: 2/2
   424 | D:1      | Reached XP level 3. HP: 25/29 MP: 3/3
   741 | D:2      | Reached skill level 4 in Maces & Flails
   741 | D:2      | Reached XP level 4. HP: 27/35 MP: 4/4
   785 | D:2      | Found an iron altar of Okawaru.
   793 | D:2      | Became a worshipper of Warmaster Okawaru
   881 | D:2      | Found a sparkling altar of Nemelex Xobeh.
   885 | D:2      | Found a bloodstained altar of Trog.
  1609 | D:2      | Reached XP level 5. HP: 24/41 MP: 5/5
  1804 | D:3      | Reached skill level 5 in Maces & Flails
  1908 | D:3      | Reached XP level 6. HP: 22/47 MP: 6/6
  1926 | D:3      | Found a white marble altar of Elyvilon.
  1979 | D:3      | Reached skill level 6 in Maces & Flails
  2096 | D:3      | Found an ancient bone altar of Kikubaaqudgha.
  2359 | D:4      | Reached skill level 7 in Maces & Flails
  2359 | D:4      | Reached XP level 7. HP: 39/52 MP: 7/7
  2400 | D:4      | Acquired Okawaru's first power
  3136 | D:5      | Entered Level 5 of the Dungeon
  3157 | D:5      | Reached skill level 8 in Maces & Flails
  3219 | D:5      | Reached XP level 8. HP: 22/58 MP: 8/8
  3238 | D:5      | Found a radiant altar of Vehumet.
  3292 | D:5      | Reached skill level 9 in Maces & Flails
  3413 | D:5      | Found a glowing golden altar of the Shining One.
  3679 | D:5      | Reached skill level 10 in Maces & Flails
  3699 | D:5      | Noticed Pikel
  3731 | D:5      | Killed Pikel
  3731 | D:5      | Reached skill level 11 in Maces & Flails
  3731 | D:5      | Reached XP level 9. HP: 56/64 MP: 9/9
  3890 | D:5      | Found a stormy altar of Qazlal.
  4024 | D:6      | Received a gift from Okawaru
  4075 | D:6      | Found a bloodstained altar of Trog.
  4212 | D:6      | Noticed Duvessa
  4228 | D:6      | Noticed Dowan
  4235 | D:6      | Killed Duvessa
  4250 | D:6      | Killed Dowan
  4250 | D:6      | Reached skill level 12 in Maces & Flails
  4444 | D:6      | Found Muud Fus's Gadget Shoppe.
  4460 | D:6      | Found Gehephutiu's Weapon Boutique.
  4497 | D:6      | Found Cinlutoa's General Store.
  4506 | D:6      | Bought a scroll of identify for 24 gold pieces
  4506 | D:6      | Bought a potion of heal wounds for 60 gold pieces
  4647 | D:6      | Found a staircase to the Ecumenical Temple.
  4801 | D:7      | Noticed Joseph
  4819 | D:7      | Killed Joseph
  4819 | D:7      | Reached XP level 10. HP: 40/70 MP: 10/10
  4855 | D:7      | Reached skill level 13 in Maces & Flails
  4863 | D:7      | Acquired Okawaru's second power
  4929 | D:7      | Found an iron altar of Okawaru.
  5118 | D:7      | Noticed Prince Ribbit
  5134 | D:7      | Killed Prince Ribbit
  5417 | D:7      | Found a shattered altar of Ashenzari.
  5437 | D:8      | Noticed a cyclops
  5437 | D:8      | Noticed a cyclops
  5472 | D:8      | Noticed a brown ugly thing
  5498 | D:7      | HP: 2/70 [acid (9)]
  5500 | D:7      | Splashed by a brown ugly thing's acid

Vault maps used:
D:1:      dpeg_arrival_prison
D:2:      grunt_temple_overflow_open, okawaru_metal_pillars_1_2
D:3:      elyvilon_altar_4, overflow_temple_1_default
D:5:      nicolae_qazlal_eye_of_the_storm, vehumet_crystals, kennysheep_mini,
          first_bread, uniq_pikel
D:6:      minmay_temple_entry_junction, serial_shops, shop, shop, shop,
          trog_three_pillars_becter, uniq_duvessa
D:7:      kennysheep_little_box, nicolae_overflow_hidden_temple,
          uniq_prince_ribbit1, uniq_joseph
D:8:      minmay_klotski

Action                   |  1- 3 |  4- 6 |  7- 9 | 10-12 || total
-------------------------+-------+-------+-------+-------++-------
Melee: Flail             |    10 |       |       |       ||    10
       Whip              |   105 |   208 |   408 |   142 ||   863
 Abil: Dig               |     1 |    10 |    12 |     6 ||    29
Evoke: Wand              |       |       |       |     2 ||     2
  Use: Scroll            |       |     1 |       |       ||     1
       Potion            |       |       |     4 |     2 ||     6
 Stab: Invisible         |       |       |     2 |       ||     2
  Eat: Chunk             |       |     6 |    11 |     2 ||    19
